 Dungeon Crawl Stone Soup version 0.28.0 (webtiles) character file.

Game seed: 15143648026244693532

2905 GrayStillPlays the Skirmisher (level 9, 0/50 HPs)
             Began as a Vine Stalker Fighter on Feb 7, 2022.
             Was a Believer of Nemelex Xobeh.
             Shot with an arrow by a centaur warrior (17 damage)
             ... on level 8 of the Dungeon.
             The game lasted 00:15:07 (5221 turns).

GrayStillPlays the Skirmisher (VSFi)                Turns: 5221, Time: 00:15:08

Health: 0/50       AC:  8    Str: 21    XL:     9   Next: 78%
Magic:  0/19       EV: 10    Int: 10    God:    Nemelex Xobeh [**....]
Gold:   322        SH:  5    Dex: 14    Spells: 20/20 levels left

rFire   . . .      SeeInvis .   n - +7 long sword of Gravity {venom, rN+, long}
rCold   + . .      Faith    .   c - +0 buckler
rNeg    + . .      Spirit   +   J - +3 leather armour
rPois   .          Reflect  .   t - +0 helmet
rElec   .          Harm     .   (no cloak)
rCorr   .          Rampage  .   (no gloves)
Will    +....                   x - +0 pair of boots
Stlth   +.........              (no amulet)
HPRegen 0.96/turn               k - ring of protection from cold
MPRegen 0.16/turn               (no ring)

@: no status effects
A: fangs 3, regeneration 1, magic shield, antimagic bite, no potion heal 2
a: Renounce Religion, Draw Escape, Draw Destruction, Draw Summoning


You were on level 8 of the Dungeon.
You worshipped Nemelex Xobeh.
Nemelex Xobeh was pleased with you.
You visited 2 branches of the dungeon, and saw 9 of its levels.

You collected 322 gold pieces.


Innate Abilities, Weirdness & Mutations

You have razor-sharp teeth.
Your natural rate of healing is unusually fast.
When hurt, damage is shared between your health and your magic reserves.
Your bite disrupts and absorbs the magic of your enemies.
Potions cannot restore your health.


   Skills:
 * Level 7.1 Fighting
 + Level 5.4 Long Blades
 - Level 2.2 Axes
 - Level 3.2 Armour
 - Level 4.1 Shields
 * Level 6.1 Spellcasting
 + Level 4.6 Invocations


You had 20 spell levels left.
You didn't know any spells.
Your spell library contained the following spells:

 Spells                   Type           Power      Damage    Failure   Level
 Corpse Rot               Necr/Air       6%         N/A       43%         2
 Dispel Undead            Necr           3%         3d7       97%         4
 Death Channel            Necr           1%         N/A       100%        6

Inventory:

Hand Weapons
 n - the +7 long sword of Gravity (weapon) {venom, rN+, long}
   (You found it on level 2 of the Dungeon)

   It poisons the flesh of those it strikes.
   rN:        It protects you from negative energy.
Missiles
 e - 168 stones (quivered) {throwing}
 g - 52 sling bullets
 m - 14 bolts
 B - 8 poisoned darts {throwing}
 D - 98 arrows
 H - 6 javelins {throwing}
 I - a throwing net {=f!fthrowing}
Armour
 c - a +0 buckler (worn)
 t - a +0 helmet (worn)
   (You found it on level 3 of the Dungeon)
 x - a +0 pair of boots (worn)
   (You found it on level 4 of the Dungeon)
 y - a +0 ring mail of fire resistance
   (You took it off an orc on level 4 of the Dungeon)
 J - a +3 leather armour (worn)
   (You took it off Duvessa on level 7 of the Dungeon)
Jewellery
 b - a ring of ice
   (You took it off a gnoll on level 7 of the Dungeon)
 k - a ring of protection from cold (left hand)
   (You found it on level 2 of the Dungeon)
 p - a ring of fire
   (You found it on level 3 of the Dungeon)
 C - an amulet of guardian spirit
   (You found it on level 5 of the Dungeon)
Wands
 u - a wand of polymorph (6)
   (You found it on level 3 of the Dungeon)
 w - a wand of iceblast (14)
   (You found it on level 4 of the Dungeon)
 G - a wand of digging (4)
   (You found it on level 6 of the Dungeon)
Scrolls
 f - 3 scrolls of teleportation {unknown}
 h - 3 scrolls of amnesia {unknown}
 i - 9 scrolls of identify {unknown}
 j - a scroll of torment {unknown}
 o - a scroll of fog {unknown}
 s - a scroll of noise {unknown}
 v - a scroll of blinking {unknown}
 z - a scroll of silence {unknown}
Potions
 a - 2 potions of lignification {unknown}
 d - 2 potions of might
 l - 3 potions of flight {unknown}
 q - 2 potions of curing {unknown}
 r - a potion of mutation {unknown}
 E - a potion of ambrosia {unknown}
 F - a potion of brilliance {unknown}

Dungeon Overview and Level Annotations

Branches:
Dungeon (8/15)             Temple (1/1) D:4
   Lair: D:8-11

Altars:
Ashenzari
Dithmenos
Elyvilon
Gozag
Makhleb
Nemelex Xobeh
Okawaru
Qazlal
Ru
Sif Muna
Vehumet
Wu Jian
Xom
Yredelemnul
The Shining One

Shops:
D:4 = D:6

! #... #.. #########
##.# #...#...### #..#
+...'...'.###..##
#...#...#.##....#
######'##.......###
#$.)#.โ€
.#.........###
#.c.@...###........##
#).:#...##..........#
######+##....(.......
#..........##
#..........#
#..........#
#..........#
........<...##
.............[#


You could see a centaur warrior (slow).


Message History

Your mp is fully restored (19).
Items here: ))) [ รท.
Things that are here:
3 large rocks {=fthrowing}; a cyclops corpse
There is an open door, spattered with blood here.
You open the door.
A vampire mosquito comes into view.
The vampire mosquito buzzes angrily.
The vampire mosquito bites you but does no damage.
The vampire mosquito bites you!
The vampire mosquito draws strength from your injuries!
There is an open door, spattered with blood here. ๐Ÿ˜• HP[-5] MP[-3]
You take 5 damage, and now have 45/50 hp.
You lost 3 mp, and now have 16/19 mp.
You slash the vampire mosquito! Your bite misses the vampire mosquito.
The vampire mosquito bites you.
The vampire mosquito draws strength from your injuries!
The vampire mosquito bites you.
The vampire mosquito draws strength from your injuries! ๐Ÿ˜• HP[-4] MP[-1]
You take 4 damage, and now have 41/50 hp.
You lost 1 mp, and now have 15/19 mp.
You miss the vampire mosquito. Your bite misses the vampire mosquito.
The vampire mosquito misses you.
The vampire mosquito closely misses you. ๐Ÿ˜• HP[+1]
You barely miss the vampire mosquito. You bite the vampire mosquito.
You drain its power.
You feel invigorated. The vampire mosquito bites you!
The vampire mosquito draws strength from your injuries!
The vampire mosquito barely misses you. ๐Ÿ˜ฎ HP[-5]
You take 5 damage, and now have 37/50 hp.
You closely miss the vampire mosquito. Your bite misses the vampire mosquito.
You block the vampire mosquito's attack.
The vampire mosquito bites you.
The vampire mosquito draws strength from your injuries! ๐Ÿ˜ฎ HP[-3] MP[-2]
You take 3 damage, and now have 34/50 hp.
You lost 2 mp, and now have 13/19 mp.
You barely miss the vampire mosquito.
You bite the vampire mosquito, but do no damage.
The vampire mosquito misses you.
You block the vampire mosquito's attack. ๐Ÿ˜ฎ HP[+1]
You slash the vampire mosquito! The vampire mosquito bites you!
The vampire mosquito draws strength from your injuries!
The vampire mosquito bites you!
* * * LOW HITPOINT WARNING * * *
The vampire mosquito draws strength from your injuries!
The vampire mosquito bites you.
* * * LOW HITPOINT WARNING * * *
๐Ÿ˜จ HP[-13] MP[-4]
You take 13 damage, and now have 22/50 hp.
MASSIVE DAMAGE!! (PAUSE)
You lost 4 mp, and now have 9/19 mp.
You draw a card...
You have drawn Wild Magic.
The vampire mosquito looks incredibly listless.
The vampire mosquito completely resists.
You feel a surge of magic.
The vampire mosquito barely misses you. ๐Ÿ˜จ HP[+1]
You slash the vampire mosquito!
You block the vampire mosquito's attack.
The vampire mosquito bites you but does no damage.
The vampire mosquito barely misses you. ๐Ÿ˜จ HP[+1]
You slash the vampire mosquito!
You destroy the vampire mosquito! ๐Ÿ˜จ HP[+1]
Found a glowing bardiche.
There is an open door here. ๐Ÿ˜Ž HP[+25] MP[+10]
Your hp is fully restored (50).
Your mp is fully restored (19).
There is an open door, spattered with blood here.
You open the door.
A centaur warrior comes into view.
The centaur warrior shouts!
The centaur warrior wields a +0 shortbow.
The centaur warrior shoots an arrow.
The arrow hits you!
The centaur warrior shoots an arrow.
The arrow hits you! ๐Ÿ˜ฎ HP[-19] MP[-8]
You take 19 damage, and now have 31/50 hp.
MASSIVE DAMAGE!! (PAUSE)
You lost 8 mp, and now have 11/19 mp.
You draw a card...
You have drawn Degeneration.
Nothing appears to happen.
The deck of cards glows with a rainbow of weird colours and disappears.
The centaur warrior shoots an arrow.
The arrow hits you!!
* * * LOW HITPOINT WARNING * * *
๐Ÿ˜จ HP[-16] MP[-5]
You take 16 damage, and now have 15/50 hp.
MASSIVE DAMAGE!! (PAUSE)
You lost 5 mp, and now have 6/19 mp.
You draw a card...
You have drawn Velocity.
The centaur warrior seems to slow down.
The deck of cards disappears without a trace.
The centaur warrior shoots an arrow.
The arrow closely misses you. ๐Ÿ˜จ HP[+1]
The centaur warrior shoots an arrow.
The arrow hits you!!
You die...
Your body disappears without a glow.

Skill      XL: |  1  2  3  4  5  6  7  8  9 |
---------------+----------------------------+-----
Axes           | 2 |  2.2
Fighting       | 3 4 6 7 |  7.1
Shields        | 3 4 |  4.1
Long Blades    | 1 2 3 4 5 |  5.4
Armour         | 3 |  3.2
Invocations    | 1 2 3 4 |  4.6
Spellcasting   | 2 4 6 |  6.1

Action                   |  1- 3 |  4- 6 |  7- 9 || total
-------------------------+-------+-------+-------++-------
Melee: War axe           |    53 |       |       ||    53
       Bite              |    18 |    13 |    39 ||    70
       Long sword        |    25 |    78 |   120 ||   223
Invok: Draw Destruction  |       |       |     6 ||     6
       Draw Escape       |       |       |     1 ||     1
Evoke: Wand              |       |       |     7 ||     7
Armor: Scale mail        |    24 |    27 |    49 ||   100
       Leather armour    |       |       |    27 ||    27
Dodge: Dodged            |    39 |    31 |    57 ||   127
Block: Buckler           |     9 |    20 |    33 ||    62

Levels and vault maps discovered:
D:1:      dpeg_arrival_simpleton_a, layout_basic,
          hellmonk_ecumenical_altar_heavens_door
D:2:      layout_rooms, basic_altar, minmay_between
D:3:      layout_basic, minivault_5, minmay_misc_feat_square, nrook_uturn
D:4:      cheibrodos_old_hovel, layout_cave_pods,
          nicolae_qazlal_eye_of_the_storm, minmay_temple_entry_wispy,
          serial_shops, shop_statue
D:5:      layout_basic
D:6:      layout_basic, beargit_hepliaklqana_dungeon_heroes, zin_statuary,
          serial_shops, nicolae_shop_stone
D:7:      black_bear_nest_2, layout_basic, nzn_wu_jian_contemplation,
          nicolae_overflow_hidden_temple, xom_teletrap_fun,
          minmay_ruined_shrine, uniq_duvessa
D:8:      layout_layer_cave, kennysheep_mini_moat, kennysheep_vampire_church,
          minmay_evil_grid
Temple:   cyrus_circular_temple

Notes
Turn   | Place    | Note
-------+----------+-------------------------------------------
     0 | D:1      | GrayStillPlays the Vine Stalker Fighter began the quest for
                  | the Orb.
     0 | D:1      | Reached XP level 1. HP: 11/11 MP: 2/2
     0 | D:1      | magus.rc [v1.9.6]
   183 | D:1      | You pick up a book of Decay and begin reading...
   183 | D:1      | You add the spells Corpse Rot, Dispel Undead and Death
                  | Channel to your library.
   189 | D:1      | Reached XP level 2. HP: 16/16 MP: 3/3
   232 | D:1      | Reached skill level 2 in Axes
   376 | D:1      | Found a faded altar of an unknown god.
   951 | D:2      | Reached skill level 3 in Fighting
   997 | D:2      | Found a stormy altar of Qazlal.
  1040 | D:2      | Reached skill level 3 in Shields
  1040 | D:2      | Reached XP level 3. HP: 16/20 MP: 4/4
  1186 | D:2      | Identified the +7 long sword of Gravity {venom, rN+}
  1732 | D:3      | Gained mutation: Your natural rate of healing is unusually
                  | fast. [Vine Stalker growth]
  1732 | D:3      | Reached XP level 4. HP: 24/24 MP: 5/5
  1790 | D:3      | Reached skill level 1 in Long Blades
  1835 | D:3      | Reached skill level 3 in Armour
  2063 | D:4      | Reached XP level 5. HP: 28/28 MP: 6/6
  2080 | D:4      | Found a stormy altar of Qazlal.
  2250 | D:4      | Found Vograt's Jewellery Shop.
  2364 | D:4      | Reached skill level 2 in Long Blades
  2413 | D:4      | Found a staircase to the Ecumenical Temple.
  2422 | Temple   | Entered the Ecumenical Temple
  2436 | Temple   | Became a worshipper of Nemelex Xobeh the Trickster
  2924 | D:5      | Entered Level 5 of the Dungeon
  2952 | D:5      | Noticed a centaur
  2960 | D:5      | Killed a centaur
  2961 | D:5      | Reached XP level 6. HP: 27/33 MP: 7/7
  3103 | D:5      | Reached skill level 1 in Invocations
  3145 | D:5      | Reached * piety under Nemelex Xobeh
  3166 | D:5      | Reached skill level 3 in Long Blades
  3371 | D:5      | Received a gift from Nemelex Xobeh
  3396 | D:5      | Reached skill level 4 in Shields
  3396 | D:5      | Reached XP level 7. HP: 37/37 MP: 7/9
  3472 | D:5      | Reached skill level 4 in Fighting
  3739 | D:6      | Found Beutied's Distillery.
  3754 | D:6      | Reached skill level 1 in Spellcasting
  3754 | D:6      | Reached skill level 2 in Invocations
  3868 | D:6      | Noticed a four-headed hydra
  3873 | D:6      | Reached skill level 4 in Long Blades
  3873 | D:6      | Reached skill level 2 in Spellcasting
  3873 | D:6      | Gained mutation: You have razor-sharp teeth. [Vine Stalker
                  | growth]
  3873 | D:6      | Reached XP level 8. HP: 29/42 MP: 10/12
  3917 | D:7      | Reached ** piety under Nemelex Xobeh
  3924 | D:7      | Reached skill level 5 in Fighting
  3936 | D:7      | Reached skill level 3 in Spellcasting
  3946 | D:7      | Reached skill level 3 in Invocations
  3981 | D:7      | Found a sacrificial altar of Ru.
  4134 | D:7      | Reached skill level 4 in Spellcasting
  4235 | D:7      | Found a shimmering altar of Xom.
  4260 | D:7      | Noticed Dowan
  4261 | D:7      | Noticed Duvessa
  4287 | D:7      | Killed Dowan
  4288 | D:7      | Reached skill level 6 in Fighting
  4288 | D:7      | Reached XP level 9. HP: 45/48 MP: 16/16
  4317 | D:7      | Killed Duvessa
  4468 | D:7      | Found an ornate altar of the Wu Jian Council.
  4527 | D:7      | Reached skill level 5 in Spellcasting
  4527 | D:7      | Reached skill level 4 in Invocations
  4533 | D:7      | HP: 9/49 [steam dragon] (5)]
  4536 | D:7      | Reached skill level 5 in Long Blades
  4714 | D:7      | Found a basalt altar of Yredelemnul.
  4898 | D:8      | HP: 12/49 [something (4)]
  5004 | D:8      | Noticed a cyclops
  5013 | D:8      | HP: 4/49 [cyclops/large rock (27)]
  5014 | D:8      | Killed a cyclops
  5015 | D:8      | Reached skill level 7 in Fighting
  5015 | D:8      | Reached skill level 6 in Spellcasting
  5218 | D:8      | Noticed a centaur warrior
  5221 | D:8      | Shot with an arrow by a centaur warrior

Vanquished Creatures
  A cyclops (D:8)
  A vampire (D:8)
  2 steam dragons (D:7)
  A vampire mosquito (D:8)
  Duvessa (D:7)
  A sky beast (D:7)
  An orc warrior (D:6)
  3 black bears
  5 centaurs
  An ogre (D:5)
  2 bullfrogs
  2 scorpions
  A wyvern skeleton (D:7)
  Dowan (D:7)
  A water moccasin skeleton (D:4)
  2 howler monkeys (D:7)
  2 centaur zombies
  A jelly (D:5)
  A centaur skeleton (D:7)
  2 hounds
  An orc priest (D:5)
  A gnoll shaman (D:7)
  An iguana (D:5)
  2 orc wizards
  7 gnolls
  3 adders
  An adder skeleton (D:4)
  3 worms
  15 orcs
  3 bats
  6 endoplasms
  3 giant cockroaches
  3 goblins
  8 hobgoblins
  6 quokkas
  5 ball pythons
  A frilled lizard (D:3)
  5 kobolds
  A quokka skeleton (D:4)
  7 rats
114 creatures vanquished.

Vanquished Creatures (others)
  10 plants (D:4)
10 creatures vanquished.

Grand Total: 124 creatures vanquished

Table legend:
 A = Non-vault XP
 B = Vault XP
 C = Vault XP percentage of total XP
 D = Non-vault monster count
 E = Vault monster count
 F = Vault count percentage of total count
                 A         B        C        D         E       F
            +---------+---------+-------+---------+---------+-------
      Total |    2450 |    1700 |  41.0 |      97 |      17 |  14.9
            +---------+---------+-------+---------+---------+-------
        D:1 |      20 |       0 |   0.0 |      12 |       0 |   0.0
        D:2 |      25 |      17 |  40.5 |      11 |       4 |  26.7
        D:3 |      96 |       0 |   0.0 |      21 |       0 |   0.0
        D:4 |     148 |       2 |   1.3 |      18 |       1 |   5.3
        D:5 |     492 |       0 |   0.0 |      10 |       0 |   0.0
        D:6 |     529 |       0 |   0.0 |       8 |       0 |   0.0
        D:7 |    1098 |     768 |  41.2 |      14 |       9 |  39.1
        D:8 |      42 |     913 |  95.6 |       3 |       3 |  50.0
            +---------+---------+-------+---------+---------+-------

Illustrated notes

Table legend:
 A = Kills in this place as a percentage of kills in entire the game.
 B = Kills by you in this place as a percentage of kills by you in the entire game.
 C = Kills by friends in this place as a percentage of kills by friends in the entire game.
 D = Other kills in this place as a percentage of other kills in the entire game.
 E = Experience gained in this place as a percentage of experience gained in the entire game.
 F = Experience gained in this place divided by the number of levels of this place that you have seen.
                   A       B       C       D       E      F
               +-------+-------+-------+-------+-------+----------------------
         Total | 100.0 | 100.0 |   N/A |   N/A | 100.0 | 461.1
       Dungeon | 100.0 | 100.0 |   N/A |   N/A | 100.0 | 518.8
               +-------+-------+-------+-------+-------+----------------------

Table legend: (Time is in decaauts)
 A = Elapsed time spent in this place.
 B = Non-inter-level travel time spent in this place.
 C = Inter-level travel time spent in this place.
 D = Time resting spent in this place.
 E = Time spent auto-exploring this place.
 F = Levels seen in this place.
 G = Mean time per level.
                   A        B        C        D        E       F      G
               +--------+--------+--------+--------+--------+-----+--------+
         Total |   5303 |   5092 |    211 |    272 |   3653 |   9 |  589.2 |
       Dungeon |   5275 |   5064 |    211 |    272 |   3653 |   8 |  659.4 |
        Temple |     27 |     27 |      0 |      0 |      0 |   1 |   27.0 |
               +--------+--------+--------+--------+--------+-----+--------+

Top non-repeatable levels by time:
     D:7: 1004 daAuts
     D:1: 877 daAuts
     D:4: 873 daAuts
     D:5: 819 daAuts
     D:3: 650 daAuts
     D:2: 550 daAuts
     D:8: 319 daAuts
     D:6: 180 daAuts
  Temple: 27 daAuts
